 Dungeon Crawl Stone Soup version 0.32-a0-630-g46d191b0ed (webtiles) character file.

Game seed: 1853762140652146078

253 Alarak the Sneak (level 6, -8/39 HPs)
             Began as an Octopode Brigand on Mar 6, 2024.
             Mangled by an orc warrior
             ... wielding a +0 scimitar
              (13 damage)
             ... on level 5 of the Dungeon.
             The game lasted 00:07:43 (3460 turns).

Alarak the Sneak (Octopode Brigand)                 Turns: 3460, Time: 00:07:43

Health: -8/39      AC:  1    Str: 10    XL:     6   Next: 14%
Magic:  6/6        EV: 12    Int: 14    God:
Gold:   212        SH:  5    Dex: 15    Spells: 5/5 levels left

rFire   . . .        a - +3 dagger
rCold   . . .        n - +0 buckler
rNeg    . . .        (helmet restricted)
rPois   .            (no amulet)
rElec   .            (no ring)
rCorr   .            (no ring)
SInv    .            (no ring)
Will    .....        (no ring)
Stlth   +++++        (no ring)
HPRegen 0.26/turn    (no ring)
MPRegen 0.10/turn    (no ring)
                     (no ring)

%: no passive effects
@: brilliant
A: almost no armour, amphibious, 8 rings, camouflage 1, gelatinous body 1,
(nimble swimmer 1), tentacles
a: no special abilities


You were on level 5 of the Dungeon.
You visited 1 branch of the dungeon, and saw 5 of its levels.
You also visited: Sewer.

You collected 212 gold pieces.

Inventory:

Hand Weapons
 a - a +3 dagger (weapon)
Missiles
 b - 9 poisoned darts (quivered)
 c - 3 curare-tipped darts
 j - 2 atropa-tipped darts
Armour
 n - a +0 buckler (worn)
Jewellery
 s - a ring of ice
Scrolls
 d - a scroll of enchant armour
 e - a scroll of vulnerability
 k - a scroll of amnesia
 o - a scroll of teleportation
 p - a scroll of poison
Potions
 f - 2 potions of attraction
 g - a potion of haste
 h - a potion of magic
 i - a potion of lignification {unknown}
 l - 2 potions of degeneration
 m - a potion of curing
 q - a potion of might


   Skills:
 - Level 2.0 Fighting
 - Level 4.0 Short Blades
 - Level 2.0 Throwing
 - Level 1.0 Dodging
 - Level 7.2 Stealth
 + Level 3.0 Shields


You had 5 spell levels left.
You didn't know any spells.
Your spell library contained the following spells:

 Spells                   Type           Power      Damage    Failure   Level
 Frozen Ramparts          Ice            0%         1d1       77%         3
 Leda's Liquefaction      Alch/Erth      0%         N/A       99%         4
 Petrify                  Alch/Erth      0%         N/A       99%         4
 Metabolic Englaciation   Hex/Ice        0%         N/A       100%        5


Dungeon Overview and Level Annotations

Branches:
Dungeon (5/15)              Sewer (visited)
 Temple: D:4-7

Altars:


Innate Abilities, Weirdness & Mutations

You cannot wear most types of armour.
You are amphibious.
You can wear up to eight rings at the same time.
Your skin changes colour to match your surroundings (Stealth+).
Your rubbery body absorbs attacks. (AC +1, EV +1)
((You are camouflaged when in or above water. (Stealth+)))
You have tentacles for arms and can constrict up to eight enemies at once.


Message History

The orc warrior is lightly wounded.
You constrict the orc warrior. You block the orc's attack.
The orc warrior hits you with a +0 scimitar!
You hit the orc warrior but do no damage.
You squeeze the orc warrior.
The orc warrior is moderately wounded.
You constrict the orc warrior. The orc completely misses you.
The orc warrior closely misses you.
You hit the orc warrior but do no damage.
You squeeze the orc warrior.
The orc warrior is heavily wounded.
You constrict the orc warrior. The orc warrior closely misses you.
The orc misses you.
You hit the orc warrior but do no damage.
You squeeze the orc warrior, but do no damage.
The orc warrior is heavily wounded.
You constrict the orc warrior, but do no damage.
The orc warrior hits you with a +0 scimitar.
The orc misses you.
You hit the orc warrior but do no damage.
You squeeze the orc warrior.
The orc warrior is severely wounded.
You constrict the orc warrior, but do no damage.
The orc barely misses you.
The orc warrior hits you with a +0 scimitar!
* * * LOW HITPOINT WARNING * * *
Unknown command.
Okay, then.
You hit the orc warrior.
The orc warrior is severely wounded.
You constrict the orc warrior. The orc hits you with a +0 hand axe!
* * * LOW HITPOINT WARNING * * *
The orc warrior closely misses you.
Okay, then.
Okay, then.
It was a potion of brilliance.
You feel clever all of a sudden.
You constrict the orc warrior. The orc barely misses you.
The orc warrior hits you with a +0 scimitar!
You die...

#..#.#. .......#
...... ..#.#Y#
..... .....#
.....
..#...####...PP
.....#... ..
#.#...####.#
#.#......#.######
#.#.#.##.@o......
#...#.####o#..###
#...#.# ..> #
#.#<#.# ####
#.###.# #.....#
#######


You could see an orc warrior and an orc.

Vanquished Creatures
  A bombardier beetle (D:4)
  A gnoll bouda (D:4)
  A hell rat (Sewer)
  3 gnolls (D:4)
  A river rat (D:4)
  4 adders
  A white imp (D:4)
  2 dart slugs (D:2)
  A ribbon worm (D:3)
  4 orcs
  10 ball pythons
  8 endoplasms
  5 giant cockroaches
  7 goblins
  6 hobgoblins
  2 quokkas
  7 bats
  4 frilled lizards
  3 kobolds
  9 rats
80 creatures vanquished.

Notes
Turn   | Place    | Note
-------+----------+-------------------------------------------
     0 | D:1      | Alarak the Octopode Brigand began the quest for the Orb.
     0 | D:1      | Reached XP level 1. HP: 14/14 MP: 1/1
    78 | D:1      | Found a faded altar of an unknown god.
    81 | D:1      | Reached skill level 6 in Stealth
    81 | D:1      | Reached XP level 2. HP: 19/19 MP: 2/2
   885 | D:1      | Reached XP level 3. HP: 24/24 MP: 3/3
  1106 | D:2      | You fall into a shaft and drop 2 floors!
  1121 | D:4      | Found a glowing drain.
  1131 | D:4      | Reached skill level 7 in Stealth
  1166 | Sewer    | Entered a sewer
  1218 | Sewer    | Reached XP level 4. HP: 11/29 MP: 4/4
  2263 | D:3      | Reached XP level 5. HP: 34/34 MP: 5/5
  2995 | D:4      | Reached skill level 1 in Shields
  3170 | D:4      | Reached XP level 6. HP: 22/39 MP: 6/6
  3413 | D:5      | Entered Level 5 of the Dungeon
  3428 | D:5      | Noticed an ice beast
  3447 | D:5      | Noticed an orc warrior
  3460 | D:5      | Mangled by an orc warrior

Illustrated notes

Levels and vault maps discovered:
D:1:      amcnicky_arrival_gap_in_the_tavern_cellar, layout_basic,
          ebering_ecumenical_altar_hall
D:2:      layout_basic
D:3:      layout_basic, mrwooster_statue_mirror, grunt_ministairs_9,
          palyth_stone_intersect
D:4:      layout_basic, portal_sewer_entry_c, nicolae_figureground_sparkle
D:5:      layout_basic, mainiacjoe_overflow_small_starburst,
          mainiacjoe_overflow_boulevard, guppyfry_shop_venom

Skill      XL: |  1  2  3  4  5 |
---------------+----------------+-----
Stealth        | 6 7 |  7.2
Short Blades   | 3 4 |  4.0
Shields        | 3 |  3.0
Fighting       | |  2.0
Throwing       | |  2.0
Dodging        | |  1.0

Action                     |  1- 3 |  4- 6 || total
---------------------------+-------+-------++-------
  Melee: Dagger            |    53 |    82 ||   135
         Constrict         |    11 |    16 ||    27
         Tentacles         |     9 |    18 ||    27
    Use: Scroll            |     3 |    11 ||    14
         Potion            |       |     3 ||     3
   Stab: Sleeping          |    11 |    18 ||    29
         Distracted        |       |     2 ||     2
 Armour: Skin              |    16 |    29 ||    45
  Dodge: Dodged            |    37 |    40 ||    77
  Block: Buckler           |       |     7 ||     7

Table legend: (Time is in decaauts)
 A = Elapsed time spent in this place.
 B = Non-inter-level travel time spent in this place.
 C = Inter-level travel time spent in this place.
 D = Time resting spent in this place.
 E = Time spent auto-exploring this place.
 F = Levels seen in this place.
 G = Mean time per level.
                   A        B        C        D        E       F      G
               +--------+--------+--------+--------+--------+-----+--------+
         Total |   3423 |   3297 |    126 |    608 |   2143 |   6 |  570.5 |
       Dungeon |   3164 |   3038 |    126 |    434 |   2098 |   5 |  632.8 |
         Sewer |    258 |    258 |      0 |    174 |     45 |   1 |  258.0 |
               +--------+--------+--------+--------+--------+-----+--------+

Top non-repeatable levels by time:
     D:1: 977 daAuts
     D:3: 761 daAuts
     D:2: 745 daAuts
     D:4: 635 daAuts
   Sewer: 258 daAuts
     D:5: 45 daAuts
